 Dungeon Crawl Stone Soup version 0.30.1-3-gfc49f6343a (webtiles) character file.

Game seed: 14218404087447963603

192596 Peloso the Hoplite (level 18, -3/170 HPs)
             Began as a Minotaur Fighter on July 28, 2023.
             Was a High Priest of Okawaru.
             Killed from afar by a shock serpent (7 damage)
             ... with a bolt of electricity
             ... on level 2 of the Snake Pit on July 29, 2023.
             The game lasted 01:33:59 (36007 turns).

Peloso the Hoplite (Minotaur Fighter)              Turns: 36007, Time: 01:33:59

Health: -3/170     AC: 35    Str: 29    XL:     18   Next: 4%
Magic:  16/19      EV:  8    Int: 21    God:    Okawaru [*****.]
Gold:   2079       SH: 19    Dex:  9    Spells: 17/17 levels left

rFire   + + .        a - +5 falchion (flame)
rCold   + . .        d - +0 kite shield {reflect}
rNeg    . . .        Y - +0 crystal plate armour {rC+}
rPois   +            r - +2 hat of Sin {rF++ rCorr Int+2}
rElec   .            G - scarf "Iffil" {shadows, *Corrode Will+ Regen+ Int+6}
rCorr   +            N - +2 pair of gloves of Indecent Exposure {Str+3 Int+7}
SInv    +            j - +0 pair of boots of Midwinter {rPois Regen+ Dex-2}
Will    +++++        o - necklace of Bloodlust {Fury *Rage Will++ Int-3 Slay+6} Stlth
                     u - ring of willpower
HPRegen 2.08/turn    e - ring of flight
MPRegen 0.16/turn

%: random rage (50%), corrode self (3%), reflection
@: on berserk cooldown, flying
A: horns 2, retaliatory headbutt, iridescent scales 1, large bone plates 1, see
invisible, clever 1, shaggy fur 1
a: Renounce Religion, Heroism, Finesse, Duel


You were on level 2 of the Snake Pit.
You worshipped Okawaru.
Okawaru was extremely pleased with you.
You visited 6 branches of the dungeon, and saw 26 of its levels.
You also visited: Ice Cave and Volcano.

You collected 2918 gold pieces.
You spent 839 gold pieces at shops.

Inventory:

Hand Weapons
 a - a +5 falchion of flaming (weapon)
 c - a +5 scimitar of freezing
Armour
 d - a +0 kite shield of reflection (worn)
 j - the +0 pair of boots of Midwinter (worn) {rPois Regen+ Dex-2}
   (Okawaru gifted it to you on level 5 of the Lair of Beasts)

   Dex:       It affects your dexterity (-2).
   rPois:     It protects you from poison.
   Regen:     It increases your rate of health regeneration.
 r - the +2 hat of Sin (worn) {rF++ rCorr Int+2}
   (You acquired it in a volcano)

   Int:       It affects your intelligence (+2).
   rF:        It greatly protects you from fire.
   rCorr:     It protects you from acid and corrosion.
 E - the +1 cloak of the Evening Star {Stlth+}
   (You found it on level 8 of the Dungeon)

   Stlth:     It makes you more stealthy.
 G - the scarf "Iffil" (worn) {shadows, *Corrode Will+ Regen+ Int+6}
   (Okawaru gifted it to you on level 1 of the Snake Pit)

   Int:       It affects your intelligence (+6).
   Regen:     It increases your rate of health regeneration.
   *Corrode:  It may corrode you when you take damage.
   Will:      It increases your willpower.
 N - the +2 pair of gloves of Indecent Exposure (worn) {Str+3 Int+7}
   (Okawaru gifted it to you on level 14 of the Dungeon)

   Str:       It affects your strength (+3).
   Int:       It affects your intelligence (+7).
 Q - a +1 hat of willpower
 Y - a +0 crystal plate armour of cold resistance (worn)
 Z - a +0 pair of boots of flying
Jewellery
 b - the ring "Tijep" {rPois AC+4 Str+4 SInv}
   (You found it on level 1 of the Elven Halls)

   [ring of protection]

   AC:        It affects your AC (+4).
   Str:       It affects your strength (+4).
   rPois:     It protects you from poison.
   SInv:      It lets you see invisible.
 e - a ring of flight (right hand)
 g - an amulet of magic regeneration
 l - the amulet "Iwoheom" {Reflect Dex+3 SH+5}
   (You took it off a deep elf knight on level 1 of the Elven Halls)

   [amulet of reflection]

   It reflects blocked missile attacks.
   Dex:       It affects your dexterity (+3).
   SH:        It affects your SH (+5).
 m - a ring of positive energy
 o - the necklace of Bloodlust (around neck) {Fury *Rage Will++ Int-3 Slay+6}
   (You found it on level 1 of the Elven Halls)

   [amulet of nothing]

   Fury:      It extends the wearer's berserk rage when killing foes.
   Int:       It affects your intelligence (-3).
   Slay:      It affects your accuracy & damage with ranged weapons and melee
   (+6).
   *Rage:     It berserks you when you make melee attacks (+50% chance).
   Will:      It greatly increases your willpower.
 u - a ring of willpower (left hand)
 v - a ring of magical power
 x - a +5 ring of evasion
 F - a ring of poison resistance
 J - the ring of Newaza {rPois rN+ Str-2 SInv}
   (You found it on level 5 of the Lair of Beasts)

   [ring of see invisible]

   Str:       It affects your strength (-2).
   rPois:     It protects you from poison.
   rN:        It protects you from negative energy.
   SInv:      It lets you see invisible.
Wands
 H - a wand of quicksilver (7)
 M - a wand of iceblast (40)
 R - a wand of mindburst (5)
 W - a wand of flame (22)
Scrolls
 h - 3 scrolls of silence
 i - 5 scrolls of immolation
 k - 8 scrolls of fog
 n - a scroll of acquirement
 p - 2 scrolls of fear
 s - 3 scrolls of teleportation
 w - 3 scrolls of amnesia
 y - 3 scrolls of magic mapping
 A - a scroll of poison
 C - a scroll of enchant armour
Potions
 f - 4 potions of might
 q - 7 potions of curing
 t - 2 potions of berserk rage
 z - 5 potions of lignification
 B - 4 potions of resistance
 D - 3 potions of invisibility
 L - 6 potions of flight


   Skills:
 + Level 17.2 Fighting
 + Level 18.2 Long Blades
 + Level 17.6 Armour
 + Level 6.6 Dodging
 + Level 2.0 Stealth
 + Level 21.6 Shields
 + Level 3.2 Invocations
 + Level 0.1 Evocations


You had 17 spell levels left.
You didn't know any spells.
Your spell library contained the following spells:

 Spells                   Type           Power      Damage    Failure   Level
 Sandblast                Erth           0%         2d4       95%         1
 Ensorcelled Hibernation  Hex/Ice        0%         N/A       99%         2
 Passwall                 Tmut/Erth      0%         N/A       99%         2
 Poisonous Vapours        Pois/Air       0%         N/A       99%         2
 Mephitic Cloud           Conj/Pois/Air  0%         N/A       100%        3
 Portal Projectile        Hex/Tloc       0%         N/A       100%        3
 Spider Form              Tmut/Pois      0%         N/A       100%        3
 Stone Arrow              Conj/Erth      0%         3d7       100%        3
 Volatile Blastmotes      Fire/Tloc      0%         2d10      100%        3
 Anguish                  Hex/Necr       0%         N/A       100%        4
 Cause Fear               Hex            0%         N/A       100%        4
 Fulminant Prism          Conj/Hex       0%         3d5       100%        4
 Iskenderun's Mystic Bla  Conj/Tloc      0%         2d3       100%        4
 Leda's Liquefaction      Hex/Erth       0%         N/A       100%        4
 Olgreb's Toxic Radiance  Pois           0%         N/A       100%        4
 Alistair's Intoxication  Tmut/Pois      0%         N/A       100%        5
 Borgnjor's Vile Clutch   Necr/Erth      0%         N/A       100%        5
 Freezing Cloud           Conj/Ice/Air   0%         6-21      100%        5
 Lee's Rapid Deconstruct  Erth           0%         3d4*      100%        5
 Conjure Ball Lightning   Conj/Air       0%         3x3d6     100%        6
 Eringya's Noxious Bog    Tmut/Pois      0%         N/A       100%        6
 Enfeeble                 Hex            0%         N/A       100%        7
 Call Canine Familiar     Summ           Unusable   N/A       N/A         3
 Animate Armour           Summ/Erth      Unusable   N/A       N/A         4
 Summon Forest            Summ/Tloc      Unusable   N/A       N/A         5
 Summon Hydra             Summ           Unusable   N/A       N/A         7

Dungeon Overview and Level Annotations

Branches:
Dungeon (15/15)            Temple (1/1) D:6            Lair (5/5) D:9
  Swamp (0/4) Lair:3        Snake (2/4) Lair:3        Slime (0/5) Lair:4
    Orc (2/2) D:9             Elf (1/3) Orc:2        Vaults (0/5) D:14
 Depths (0/4) D:15          IceCv (visited)         Volcano (visited)

Altars:
Ashenzari
Cheibriados
Dithmenos
Elyvilon
Fedhas
Gozag
Hepliaklqana
Kikubaaqudgha
Makhleb
Nemelex Xobeh
Okawaru
Qazlal
Ru
Sif Muna
Trog
Uskayaw
Vehumet
Wu Jian
Xom
Yredelemnul
Zin
The Shining One
Lugonu

Shops:
D:6 (*(!   D:13 !(!=(   Orc:2 *?*   Elf:1 *

Portals:
Abyss: Lair:5
Trove: Elf:1 (show slimy rune of Zot)

Annotations:
D:5 3 runed translucent doors, jaiteiro's ghost, amateur NaFE
D:7 3 runed translucent doors, unrecovered's ghost, novice DrTm
Snake:1 6 transporters
Orc:2 Casa


Innate Abilities, Weirdness & Mutations

You have a pair of horns on your head.
You reflexively headbutt those who attack you in melee.
You are partially covered in iridescent scales. (AC +2)
You are partially covered in large bone plates. (SH +4)
You have supernaturally acute eyesight. (SInv)
Your mind is acute. (Int +4, Str/Dex -1)
You are covered in fur. (AC +1)


Message History

The salamander mystic no longer looks unusually strong.
The salamander no longer looks unusually strong.
The shock serpent bites you but does no damage.
You block the shock serpent's attack. You block the shock serpent's attack.
The shock serpent barely misses you. You furiously retaliate!
You headbutt the shock serpent!!
The shock serpent's electric aura discharges, shocking you!
The shock serpent attacks as you move away!
The shock serpent bites you but does no damage.
The shock serpent barely misses you.
The shock serpent shoots out a bolt of lightning at you!
The bolt of electricity hits you!
* * * LOW HITPOINT WARNING * * *
You block the shock serpent's attack.
The shock serpent attacks as you move away!
You block the shock serpent's attack.
The shock serpent bites you but does no damage.
The shock serpent barely misses you.
The shock serpent attacks as you move away!
You block the shock serpent's attack. x2
The shock serpent bites you but does no damage.
You feel yourself speed up.
The shock serpent bites you but does no damage.
You block the shock serpent's attack.
The shock serpent shoots out a bolt of lightning at you!
The bolt of electricity hits you!
* * * LOW HITPOINT WARNING * * *
The bolt of electricity hits you!
* * * LOW HITPOINT WARNING * * *
Okay, then.
You block the shock serpent's attack.
The shock serpent shoots out a bolt of lightning at you!
The bolt of electricity hits you but does no damage.
The bolt of electricity hits you!
* * * LOW HITPOINT WARNING * * *
The bolt of electricity hits the shock serpent.
The shock serpent completely resists.
The shock serpent shoots out a bolt of lightning at you!
The bolt of electricity hits you!
You die...

.....# ##)))#######..#.#
...^.# ##..#
##).........###.#
.....###[..#
#).........## ##
......#...#
##...######..#
......#...# #..#.# #..#
.#.......# ##.#### #...
.........######..# #....
..N...........S..# #.....
#.............S.@#
....##.
.......########..##
..........### ##..##
............ #)..#
.........................
.........##..............
.........####............
......>..# #...........##
.........# #.............


You could see 2 shock serpents.

Vanquished Creatures
  Gastronok (Lair:2)
  Donald (Orc:2)
  A nagaraja (Snake:1)
  Louise (Snake:2)
  A deep elf sorcerer (Orc:2)
  A deep elf elementalist (Elf:1)
  A caustic shrike zombie (D:15)
  A reaper (IceCv)
  A stone giant (Volcano)
  A deep elf demonologist (Elf:1)
  Azrael (Elf:1)
  A deep elf annihilator (Elf:1)
  An ettin (Orc:2)
  Harold (D:9)
  6 hydras
  A vault guard (D:14)
  8 centaur warriors
  3 anacondas (Snake:1)
  Erica (Orc:1)
  7 boulder beetles
  6 two-headed ogres
  4 dancing weapons (Elf:1)
  Urug (D:12)
  6 naga warriors
  A shock serpent (Snake:1)
  6 death yaks
  3 thrashing horrors (Lair:5)
  8 orc high priests
  7 hell knights (D:15)
  7 deep elf knights (Elf:1)
  A fire crab (shapeshifter) (D:14)
  2 naga sharpshooters (Snake:1)
  2 skeletal warriors (D:15)
  A naga ritualist (Snake:1)
  A golden dragon zombie (D:15)
  10 slime creatures
  A phantasmal warrior (D:15)
  10 deep elf archers
  3 orc knights
  16 deep elf pyromancers
  4 necromancers (D:15)
  3 wizards (D:14)
  An orc sorcerer (Orc:1)
  16 ugly things
  3 mana vipers
  4 cyclopes
  A sphinx zombie (D:15)
  6 manticores
  19 deep elf zephyrmancers
  4 salamanders
  3 elephants (Lair:5)
  Maurice (D:12)
  Joseph (D:7)
  2 smoke demons (Lair:5)
  2 molten gargoyles (Volcano)
  2 ice statues (IceCv)
  A torpor snail (Lair:2)
  13 cane toads
  17 black mambas
  3 guardian serpents
  Maggie (D:8)
  9 naga magi
  A kobold demonologist (D:10)
  Psyche (D:12)
  An unseen horror (D:11)
  A rime drake (Lair:5)
  3 komodo dragons
  8 ice devils (IceCv)
  2 efreet
  An anaconda simulacrum (IceCv)
  An ancient zyme (Lair:5)
  8 trolls
  A queen bee (shapeshifter) (Elf:1)
  3 polar bears
  6 dream sheep (Lair:4)
  30 blink frogs
  2 large abominations (Lair:5)
  A ynoxinul (Lair:5)
  2 shadows
  2 wraiths
  5 wyverns
  A water elemental (Elf:1)
  A dire elephant simulacrum (IceCv)
  5 basilisks
  30 yaks
  6 fire elementals
  4 chaos spawn (Lair:5)
  18 humans (D:14)
  A fire bat (Volcano)
  A steam dragon (D:8)
  Edmund (D:5)
  4 death yak simulacra (IceCv)
  12 vampire mosquitoes
  8 wargs
  An acid dragon (D:12)
  20 water moccasins
  8 hell hounds
  28 nagas
  A human skeleton (D:15)
  12 orc warriors
  4 ice beasts
  2 sky beasts
  5 black bears
  A boggart (D:13)
  4 ogres
  12 wolves
  20 centaurs
  A phantom (D:6)
  4 kobold brigands
  6 earth elementals
  8 bullfrogs
  3 gnoll sergeants
  A two-headed ogre simulacrum (IceCv)
  8 scorpions
  A cane toad simulacrum (IceCv)
  14 wights
  3 elephant simulacra (IceCv)
  3 killer bees (D:7)
  3 electric eels (Lair:3)
  3 howler monkeys
  2 vampire bats (D:15)
  9 small abominations (Lair:5)
  6 lava snakes (Volcano)
  2 jellies
  3 hounds
  35 orc priests
  Crazy Yiuf (D:3)
  A gnoll bouda (D:5)
  Terence (D:2)
  A sleepcap (D:5)
  2 iguanas
  23 orc wizards
  2 spriggan simulacra (IceCv)
  A centaur simulacrum (D:10)
  15 gnolls
  4 naga simulacra (IceCv)
  9 adders
  19 white imps
  4 ufetubi
  A worm (D:3)
  4 dart slugs
  77 orcs
  6 ball pythons
  5 endoplasms
  5 giant cockroaches
  2 goblins
  3 hobgoblins
  2 jackals (D:2)
  22 kobolds
  A quokka (D:3)
  9 bats
  4 frilled lizards
  4 rats
884 creatures vanquished.

Vanquished Creatures (others)
  4 deep elf pyromancers (Elf:1)
  2 white imps
6 creatures vanquished.

Grand Total: 890 creatures vanquished

Notes
Turn   | Place    | Note
-------+----------+-------------------------------------------
     0 | D:1      | Peloso the Minotaur Fighter began the quest for the Orb.
     0 | D:1      | Reached XP level 1. HP: 19/19 MP: 0/0
   309 | D:1      | Reached XP level 2. HP: 27/27 MP: 1/1
   766 | D:2      | Reached XP level 3. HP: 2/33 MP: 2/2
   955 | D:2      | Reached skill level 4 in Shields
  1234 | D:2      | Reached XP level 4. HP: 12/41 MP: 3/3
  1591 | D:2      | Noticed a gnoll sergeant
  1626 | D:1      | HP: 1/41 [gnoll sergeant/+0 spear (9)]
  1631 | D:1      | Killed a gnoll sergeant
  1632 | D:1      | Reached XP level 5. HP: 3/47 MP: 4/4
  1818 | D:2      | Found the +5 woodcutter's axe
  1914 | D:2      | Noticed Terence
  1921 | D:2      | Killed Terence
  1922 | D:2      | Reached skill level 5 in Fighting
  2433 | D:3      | Reached skill level 5 in Armour
  2442 | D:3      | Reached XP level 6. HP: 50/56 MP: 5/5
  2443 | D:3      | Reached skill level 5 in Long Blades
  2894 | D:3      | Found a runed translucent door.
  2895 | D:3      | Noticed Crazy Yiuf
  3118 | D:4      | Reached skill level 1 in Dodging
  3247 | D:4      | Reached XP level 7. HP: 8/61 MP: 6/6
  3249 | D:4      | HP: 3/61 [scorpion (4)]
  4022 | D:5      | Entered Level 5 of the Dungeon
  4200 | D:5      | Found a runed translucent gate.
  4200 | D:5      | Found a runed translucent gate.
  4200 | D:5      | Found a runed translucent gate.
  4202 | D:5      | Found an opulent altar of Gozag.
  4202 | D:5      | Noticed a komodo dragon
  4205 | D:5      | Noticed jaiteiro's ghost (amateur NaFE)
  4507 | D:5      | Reached XP level 8. HP: 70/70 MP: 7/7
  4517 | D:5      | Reached skill level 5 in Shields
  4940 | D:5      | Noticed Edmund
  4954 | D:5      | Killed Edmund
  5270 | D:3      | Killed Crazy Yiuf
  5406 | D:6      | You are sucked into a shaft and drop 1 floor!
  5433 | D:7      | Noticed Joseph
  5449 | D:7      | Killed Joseph
  5452 | D:7      | Reached skill level 1 in Stealth
  5648 | D:6      | Found a staircase to the Ecumenical Temple.
  5660 | Temple   | Entered the Ecumenical Temple
  5906 | D:6      | Reached XP level 9. HP: 60/78 MP: 8/8
  5989 | D:6      | Reached skill level 6 in Shields
  6158 | D:6      | Found Rahysob's Distillery.
  6222 | D:6      | Found Gipteor's Weapon Shoppe.
  6273 | D:6      | Bought a +5 falchion of flaming for 388 gold pieces
  6389 | D:6      | Found Aniennar's General Store.
  6493 | D:6      | Found Ymmaprac's Antique Weapon Shoppe.
  6605 | D:7      | Found a burning altar of Makhleb.
  6753 | D:7      | Found a stormy altar of Qazlal.
  6854 | D:7      | Found a runed translucent gate.
  6856 | D:7      | Found a runed translucent gate.
  6964 | D:7      | Found a runed translucent gate.
  6965 | D:7      | Noticed unrecovered's ghost (novice DrTm)
  6977 | D:7      | Found a glowing golden altar of the Shining One.
  7362 | D:7      | Reached skill level 10 in Long Blades
  7727 | D:7      | Reached skill level 7 in Shields
  7737 | D:7      | Reached XP level 10. HP: 35/88 MP: 9/9
  8089 | D:8      | Noticed a boulder beetle
  8322 | D:7      | Killed a boulder beetle
  8536 | D:8      | Found an iron altar of Okawaru.
  8540 | D:8      | Became a worshipper of Warmaster Okawaru
  8544 | D:8      | Identified the +1 cloak of the Evening Star {Stlth+}
  8695 | D:8      | Noticed Maggie
  8707 | D:8      | Killed Maggie
  8708 | D:8      | Reached skill level 10 in Armour
  9311 | D:8      | Found a broken altar of Ashenzari.
  9320 | D:8      | Found an ancient bone altar of Kikubaaqudgha.
  9592 | D:9      | Reached skill level 8 in Shields
  9664 | D:9      | Reached * piety under Okawaru
  9890 | D:9      | Noticed Harold
  9912 | D:9      | Killed Harold
  9917 | D:9      | Reached skill level 5 in Dodging
 10064 | D:9      | Noticed a two-headed ogre
 10072 | D:9      | Killed a two-headed ogre
 10073 | D:9      | Reached XP level 11. HP: 93/97 MP: 7/10
 10119 | D:9      | Reached skill level 9 in Shields
 10122 | D:9      | Reached ** piety under Okawaru
 10138 | D:9      | Found a staircase to the Lair.
 10142 | D:9      | Identified the +1 hand axe "Moaruhah" {flame, Int+6 Stlth-}
 10374 | D:9      | Found a staircase to the Orcish Mines.
 10497 | D:10     | Entered Level 10 of the Dungeon
 10564 | D:10     | Noticed a two-headed ogre
 10571 | D:10     | Killed a two-headed ogre
 10572 | D:10     | Reached skill level 1 in Invocations
 11104 | D:10     | Found a hazy altar of Hepliaklqana.
 11767 | D:11     | Reached skill level 10 in Shields
 11770 | D:11     | Reached skill level 10 in Fighting
 11894 | D:11     | Reached *** piety under Okawaru
 12341 | D:11     | Noticed a white ugly thing
 12352 | D:11     | Killed a white ugly thing
 12494 | D:11     | Received a gift from Okawaru
 12905 | Lair:1   | Entered Level 1 of the Lair of Beasts
 12953 | Lair:1   | Reached XP level 12. HP: 42/106 MP: 11/11
 13333 | Lair:1   | Reached **** piety under Okawaru
 13334 | Lair:1   | Reached skill level 11 in Shields
 14874 | Lair:2   | Reached ***** piety under Okawaru
 14875 | Lair:2   | Noticed a boulder beetle
 14895 | Lair:2   | Noticed a death yak
 14895 | Lair:2   | Noticed a death yak
 14935 | Lair:1   | Killed a death yak
 15154 | Lair:1   | Killed a death yak
 15177 | Lair:2   | Killed a boulder beetle
 15295 | Lair:2   | Noticed a seven-headed hydra
 15303 | Lair:2   | Killed a two-headed hydra
 15435 | Lair:2   | Noticed a seven-headed hydra
 15443 | Lair:2   | Killed a three-headed hydra
 15444 | Lair:2   | Reached skill level 15 in Long Blades
 15611 | Lair:2   | Noticed Gastronok
 15629 | Lair:2   | Killed Gastronok
 15629 | Lair:2   | Received a gift from Okawaru
 15730 | Lair:2   | Noticed a death yak
 15730 | Lair:2   | Noticed a death yak
 15730 | Lair:2   | Noticed a death yak
 15766 | Lair:2   | Killed a death yak
 15767 | Lair:2   | Reached skill level 12 in Shields
 15791 | Lair:2   | Killed a death yak
 15799 | Lair:2   | Killed a death yak
 15800 | Lair:2   | Reached XP level 13. HP: 65/117 MP: 11/13
 16283 | Lair:2   | Identified the +13 crystal plate armour of Fun and Games
                  | {Harm rF- rN+ Str+4} (Okawaru gifted it to you on level 2
                  | of the Lair of Beasts)
 16283 | Lair:2   | Received a gift from Okawaru
 16548 | Lair:3   | Found a staircase to the Snake Pit.
 17296 | Lair:3   | Found a staircase to the Swamp.
 17407 | Lair:3   | Reached skill level 13 in Shields
 17887 | D:12     | Noticed Urug
 17905 | D:12     | Killed Urug
 18415 | D:12     | Noticed Psyche
 18420 | D:12     | Killed Psyche
 18622 | D:12     | Noticed Maurice
 18636 | D:12     | Killed Maurice
 19161 | Orc:1    | Entered Level 1 of the Orcish Mines
 19162 | Orc:1    | Identified a scroll of acquirement
 19175 | Orc:1    | Noticed an ettin
 19234 | Orc:1    | Noticed Erica
 19243 | Orc:1    | Reached skill level 14 in Shields
 19250 | Orc:1    | Killed Erica
 19283 | Orc:1    | Found a dark tunnel.
 19295 | Volcano  | Entered a volcano
 19674 | Volcano  | Found a bloodstained altar of Trog.
 19684 | Volcano  | Noticed a stone giant
 19712 | Volcano  | Killed a stone giant
 20310 | Orc:2    | Entered Level 2 of the Orcish Mines
 20311 | Orc:2    | Found a staircase to the Elven Halls.
 20462 | Orc:2    | Noticed Donald
 20502 | Orc:2    | Killed Donald
 20773 | Orc:2    | Identified the +8 chain mail "Mygett" {Harm Regen+}
                  | (Okawaru gifted it to you on level 2 of the Orcish Mines)
 20773 | Orc:2    | Received a gift from Okawaru
 20930 | Orc:2    | Found Vufeh's Assorted Antiques.
 20958 | Orc:2    | Found Nur Nuargh's Magic Scroll Shoppe.
 20973 | Orc:2    | Reached XP level 14. HP: 79/129 MP: 12/14
 21326 | Orc:2    | Reached skill level 15 in Shields
 21478 | Orc:2    | Gained mutation: You are vulnerable to heat. (rF-) [a
                  | neqoxec]
 21754 | Orc:2    | Found Tideteti's Assorted Antiques.
 21754 | Orc:2    | Found Efa Soo's Distillery.
 21882 | Orc:2    | Bought a scroll labelled FAEFUFIL ZUOXO for 21 gold pieces
 21882 | Orc:2    | Bought an encrusted wooden wand for 84 gold pieces
 22606 | Orc:1    | Lost mutation: You are vulnerable to heat. (rF-) [potion of
                  | mutation]
 22606 | Orc:1    | Gained mutation: You have a somewhat thin skeletal
                  | structure. (Dex +2, Stealth+) [potion of mutation]
 22606 | Orc:1    | Gained mutation: Your body sometimes deteriorates upon
                  | taking damage. [potion of mutation]
 22606 | Orc:1    | Gained mutation: Your body often deteriorates upon taking
                  | damage. [potion of mutation]
 22606 | Orc:1    | Gained mutation: You are partially covered in iridescent
                  | scales. (AC +2) [potion of mutation]
 22707 | Orc:1    | Lost mutation: You have a somewhat thin skeletal structure.
                  | (Dex +2, Stealth+) [potion of mutation]
 22707 | Orc:1    | Lost mutation: Your body often deteriorates upon taking
                  | damage. [potion of mutation]
 22707 | Orc:1    | Gained mutation: You are clumsy. (Dex -2) [potion of
                  | mutation]
 22707 | Orc:1    | Gained mutation: You occasionally shout uncontrollably at
                  | your foes. [potion of mutation]
 22707 | Orc:1    | Gained mutation: You expend magic power (3 MP) to
                  | strengthen your wands. [potion of mutation]
 22879 | D:13     | Reached skill level 16 in Shields
 22882 | D:13     | Acquired the +2 hat of Sin {rF++ rCorr Int+2}
 22911 | D:13     | Reached skill level 15 in Armour
 22950 | D:13     | Found Ynatuda's Weapon Shoppe.
 22956 | D:13     | Found Zoefaesm's Weapon Shoppe.
 22956 | D:13     | Found a frozen archway.
 23012 | IceCv    | Entered an ice cave
 23563 | IceCv    | Noticed a reaper
 23591 | IceCv    | Killed a reaper
 23991 | D:13     | Found Ufuo's Distillery.
 24085 | D:13     | Found Eludill's Distillery.
 24095 | D:13     | Received a gift from Okawaru
 24101 | D:13     | Bought a potion of mutation for 128 gold pieces
 24101 | D:13     | Lost mutation: You are partially covered in iridescent
                  | scales. (AC +2) [potion of mutation]
 24101 | D:13     | Lost mutation: You expend magic power (3 MP) to strengthen
                  | your wands. [potion of mutation]
 24101 | D:13     | Lost mutation: Your body sometimes deteriorates upon taking
                  | damage. [potion of mutation]
 24101 | D:13     | Gained mutation: You have large cloven feet. [potion of
                  | mutation]
 24101 | D:13     | Gained mutation: You are partially covered in iridescent
                  | scales. (AC +2) [potion of mutation]
 24101 | D:13     | Gained mutation: You are partially covered in large bone
                  | plates. (SH +4) [potion of mutation]
 24102 | D:13     | Bought a potion of mutation for 128 gold pieces
 24102 | D:13     | Lost mutation: You occasionally shout uncontrollably at
                  | your foes. [potion of mutation]
 24102 | D:13     | Lost mutation: You have large cloven feet. [potion of
                  | mutation]
 24102 | D:13     | Lost mutation: You are clumsy. (Dex -2) [potion of
                  | mutation]
 24102 | D:13     | Gained mutation: You have hidden genetic potential. [potion
                  | of mutation]
 24102 | D:13     | Gained mutation: Your mind is acute. (Int +4, Str/Dex -1)
                  | [potion of mutation]
 24105 | D:13     | Bought a potion of attraction for 48 gold pieces
 24435 | D:13     | Received a gift from Okawaru
 24615 | D:13     | Found Cuefroll's Jewellery Shop.
 25002 | Lair:4   | Found a staircase to the Slime Pits.
 25262 | Lair:4   | Reached skill level 17 in Shields
 25760 | Lair:4   | Reached XP level 15. HP: 106/138 MP: 16/16
 26606 | D:14     | Identified the +2 pair of gloves of Indecent Exposure
                  | {Str+3 Int+7} (Okawaru gifted it to you on level 14 of the
                  | Dungeon)
 26606 | D:14     | Received a gift from Okawaru
 26794 | D:14     | Found a glowing golden altar of the Shining One.
 26842 | D:14     | Found a burning altar of Makhleb.
 27140 | D:14     | Found a gate to the Vaults.
 27451 | D:15     | Entered Level 15 of the Dungeon
 27494 | D:15     | Reached skill level 18 in Shields
 27627 | D:15     | Reached skill level 15 in Fighting
 27781 | D:15     | Gained mutation: You have supernaturally acute eyesight.
                  | (SInv) [hidden potential]
 27818 | D:15     | Found a staircase to the Depths.
 29299 | Lair:5   | Entered Level 5 of the Lair of Beasts
 29378 | Lair:5   | Identified the +0 pair of boots of Midwinter {rPois Regen+
                  | Dex-2} (Okawaru gifted it to you on level 5 of the Lair of
                  | Beasts)
 29378 | Lair:5   | Received a gift from Okawaru
 29379 | Lair:5   | Reached skill level 19 in Shields
 29846 | Lair:5   | Reached XP level 16. HP: 149/149 MP: 17/17
 30258 | Lair:5   | Got Sif Muna's Guidebook on Flinty Vitiation
 30319 | Lair:5   | Identified the ring of Newaza {rPois rN+ Str-2 SInv}
 30553 | Lair:5   | Found a corrupted altar of Lugonu.
 30553 | Lair:5   | Found a one-way gate to the infinite horrors of the Abyss.
 31686 | Orc:2    | Bought a scroll of identify for 42 gold pieces
 31687 | Orc:2    | Reached XP level 17. HP: 158/158 MP: 18/18
 31860 | Elf:1    | Entered Level 1 of the Elven Halls
 32078 | Elf:1    | Found a portal to a secret trove of treasure.
 32096 | Elf:1    | Identified the ring "Tijep" {rPois AC+4 Str+4 SInv}
 32115 | Elf:1    | Reached skill level 20 in Shields
 32390 | Elf:1    | HP: 4/158 [deep elf zephyrmancer/bolt of lightning (22)]
 32562 | Elf:1    | Got Odassuma's Book of Forces
 32652 | Elf:1    | Gained mutation: You are covered in fur. (AC +1) [hidden
                  | potential]
 32652 | Elf:1    | Lost mutation: You have hidden genetic potential. [hidden
                  | potential expressed]
 32704 | Elf:1    | Received a gift from Okawaru
 33045 | Elf:1    | Identified the amulet "Iwoheom" {Reflect Dex+3 SH+5}
 33137 | Elf:1    | Found the necklace of Bloodlust {Fury *Rage Will++ Int-3
                  | Slay+6}
 33355 | Elf:1    | Found Gith's General Store.
 33467 | Elf:1    | Noticed a Hell Sentinel
 33966 | Elf:1    | Noticed Azrael
 33975 | Elf:1    | Killed Azrael
 34306 | Snake:1  | Entered Level 1 of the Snake Pit
 34399 | Snake:1  | Reached skill level 21 in Shields
 34404 | Snake:1  | Received a gift from Okawaru
 34511 | Snake:1  | You are sucked into a shaft and drop 1 floor!
 34533 | Snake:2  | Noticed Louise
 34553 | Snake:2  | Killed Louise
 34614 | Snake:1  | Found a transporter.
 34618 | Snake:1  | Found a transporter.
 34899 | Snake:1  | Found a transporter.
 34906 | Snake:1  | Found a transporter.
 35140 | Snake:1  | Identified the scarf "Iffil" {shadows, *Corrode Will+
                  | Regen+ Int+6} (Okawaru gifted it to you on level 1 of the
                  | Snake Pit)
 35140 | Snake:1  | Received a gift from Okawaru
 35381 | Snake:1  | Found a transporter.
 35383 | Snake:1  | Found a transporter.
 35598 | Snake:1  | Reached XP level 18. HP: 169/169 MP: 19/19
 36007 | Snake:2  | HP: 4/170 [shock serpent/bolt of electricity (15)]
 36007 | Snake:2  | Killed from afar by a shock serpent

Illustrated notes

Levels and vault maps discovered:
D:1:      dpeg_arrival_line_fractal, layout_loops_cross,
          hangedman_decor_clover_reticule, minmay_pentomino_w2
D:2:      layout_basic, pf_guarded_unrand_woodcutter, uniq_terence
D:3:      layout_basic, uniq_crazy_yiuf_cottage
D:4:      layout_cave_pools, kennysheep_generic_room_7
D:5:      layout_basic, ebering_ghost_gozag, uniq_edmund
D:6:      layout_layer_cave, minmay_temple_entry_mini_moons, serial_shops, shop,
          shop, nicolae_shop_overgrown_old_shop, shop,
          kennysheep_decorative_pillar
D:7:      layout_loops_ring, minitemple, mainiacjoe_overflow_alcove_1,
          ebering_ghost_rock_garden, uniq_joseph
D:8:      layout_layer_cave, mainiacjoe_overflow_swirl, okawaru_metal_pillars_3,
          uniq_maggie
D:9:      layout_loops_ring, minmay_lair_entry_grove, orc_0_dummy,
          hangedman_decor_points, uniq_harold
D:10:     layout_loops_ring, nzn_hepliaklqana_mist_gate, serial_ice,
          serial_ice_e, serial_ice_h, serial_ice_i, serial_ice_o
D:11:     layout_basic
D:12:     layout_roguey, uniq_psyche, uniq_maurice, uniq_urug
D:13:     layout_roguey, portal_ice_cave_entry_imps, serial_shops, shop,
          nicolae_shop_trees, nicolae_shop_rolling_square, shop, shop
D:14:     layout_rooms, grunt_vaults_entry_tiered, tso_metal_star,
          minmay_ruined_shrine
D:15:     gammafunk_depths_entry_grave, layout_basic, minivault_11,
          roderic_batcave, minmay_rotating_lava
Temple:   hellmonk_temple_two_chambers
Lair:1:   layout_layer_cave, st_stairs_12
Lair:2:   layout_loops_ring, uniq_nergalle, uniq_gastronok
Lair:3:   layout_cave_pods, minmay_swamp_entry_swarm,
          minmay_snake_entry_guardpost_medium, disabler_island
Lair:4:   layout_regular_city, slime_entry_1, nicolae_quartered_pool_medium,
          minmay_shattered_shrine, grunt_megastairs_5, lemuel_fruit_tree
Lair:5:   hellmonk_lair_end_abyssal_woods, layout_misc_corridors,
          pdpol_lair_neglected_garden
Snake:1:  nicolae_snake_hallway, layout_grid_maze, serial_nicolae_subway,
          nicolae_sub_station_crystal, nicolae_sub_station_metal,
          nicolae_sub_station_stone
Snake:2:  layout_layer_cave, nicolae_snake_salamander_fort, uniq_agnes,
          uniq_louise
Orc:1:    layout_caves, enter_volcano_2, elves_outpost_lemuel, uniq_erica
Orc:2:    st_orc_town, layout_diamond_mine, statue_in_the_mist_lemuel,
          mines2_david, uniq_donald
Elf:1:    layout_loops_corners, serial_shops, nicolae_shop_behind_doors,
          enter_trove_3, minmay_elf_annihilation, minmay_the_grid_2x2
          [minmay_the_grid_minigrid_small, minmay_the_grid_tiny_cups,
          minmay_the_grid_small_cups, minmay_the_grid_prize_shrinking_boxes],
          uniq_azrael

Skill      XL: |  1  2  3  4  5  6  7  8  9 10 11 12 13 14 15 16 17 |
---------------+----------------------------------------------------+-----
Fighting       | 4 5 6 7 9 10 11 13 14 15 16 17 | 17.2
Long Blades    | 3 4 5 6 8 10 12 13 15 16 17 18 | 18.2
Armour         | 4 5 6 8 9 10 11 13 14 15 16 17 | 17.6
Shields        | 4 5 7 8 10 12 14 17 19 21 | 21.6
Dodging        | 1 2 3 4 5 6 |  6.6
Stealth        | 1 2 |  2.0
Invocations    | 1 2 3 |  3.2
Evocations     | |  0.1

Action                     |  1- 3 |  4- 6 |  7- 9 | 10-12 | 13-15 | 16-18 || total
---------------------------+-------+-------+-------+-------+-------+-------++-------
  Melee: Long sword        |    72 |   102 |   179 |       |       |       ||   353
         Headbutt          |     9 |    21 |    63 |   199 |   511 |   225 ||  1028
         Falchion          |       |       |    98 |   714 |  1843 |   876 ||  3531
         Scimitar          |       |       |       |       |    75 |       ||    75
 Invoke: Heroism           |       |       |       |    11 |    23 |    11 ||    45
  Evoke: Wand              |       |       |       |       |     1 |       ||     1
    Use: Scroll            |     4 |     1 |     6 |     8 |    14 |     4 ||    37
         Potion            |     3 |     2 |     4 |     1 |     7 |     5 ||    22
 Armour: Scale mail        |    36 |    49 |    73 |       |       |       ||   158
         Plate armour      |       |       |    26 |   228 |    25 |       ||   279
         Crystal plate arm |       |       |       |       |   507 |   383 ||   890
         Chain mail        |       |       |       |       |   233 |       ||   233
  Dodge: Dodged            |    39 |    55 |   137 |   163 |   412 |   158 ||   964
  Block: Buckler           |    21 |    32 |    64 |       |   118 |       ||   235
         Kite shield       |       |       |    19 |   328 |  1072 |   713 ||  2132
         Reflection        |       |       |       |       |    21 |    96 ||   117
